 Dungeon Crawl Stone Soup version 0.29.1-2-gbd0b4ee654 (webtiles) character file.

Game seed: 10833607111551018230

156 Sabo the Sneak (level 5, 0/35 HPs)
             Began as an Octopode Brigand on Nov 4, 2022.
             Was a Follower of Nemelex Xobeh.
             Slain by a rat (2 damage)
             ... in a sewer.
             The game lasted 00:10:23 (3196 turns).

Sabo the Sneak (Octopode Brigand)                   Turns: 3196, Time: 00:10:24

Health: 0/35       AC:  1    Str: 12    XL:     5   Next: 38%
Magic:  5/5        EV: 13    Int: 13    God:    Nemelex Xobeh [*.....]
Gold:   113        SH:  0    Dex: 14    Spells: 4/4 levels left

rFire   . . .      SeeInvis .   t - +2 falchion (holy)
rCold   . . .      Faith    .   (no shield)
rNeg    . . .      Spirit   .   (helmet restricted)
rPois   +          Reflect  .   (no amulet)
rElec   .          Harm     .   l - ring of poison resistance
rCorr   .          Rampage  .   (no ring)
Will    .....                   (no ring)
Stlth   +++++.....              (no ring)
HPRegen 0.11/turn               (no ring)
MPRegen 0.09/turn               (no ring)
                                (no ring)
                                (no ring)

@: no status effects
A: almost no armour, amphibious, 8 rings, camouflage 1, gelatinous body 1,
nimble swimmer 1, tentacles
a: Renounce Religion, Draw Escape, Draw Destruction, Draw Summoning


You were in a sewer.
You worshipped Nemelex Xobeh.
Nemelex Xobeh was aware of your devotion.
You visited 1 branch of the dungeon, and saw 3 of its levels.
You also visited: Sewer.

You collected 113 gold pieces.

Inventory:

Hand Weapons
 a - a +2 dagger
 d - a +1 whip of flaming
 e - a +0 war axe
 t - a +2 falchion of holy wrath (weapon)
Missiles
 b - 9 poisoned darts (quivered)
 c - 3 curare-tipped darts
Jewellery
 l - a ring of poison resistance (left tentacle)
Scrolls
 f - a scroll of teleportation {unknown}
 i - a scroll of fear {unknown}
 m - a scroll of enchant armour {unknown}
 n - a scroll of noise {unknown}
 p - a scroll of blinking {unknown}
 s - a scroll of enchant weapon {unknown}
Potions
 g - a potion of flight {unknown}
 h - a potion of degeneration {unknown}
 j - 2 potions of mutation {unknown}
 k - a potion of curing {unknown}
 o - a potion of berserk rage {unknown}
 q - a potion of brilliance {unknown}
 r - a potion of might {unknown}


   Skills:
 + Level 2.7 Fighting
 + Level 2.5 Short Blades
 + Level 1.2 Maces & Flails
 + Level 2.2 Throwing
 + Level 2.0 Dodging
 + Level 7.1 Stealth


You had 4 spell levels left.
You didn't know any spells.
Your spell library contained the following spells:

 Spells                   Type           Power      Damage    Failure   Level
 Dazzling Flash           Conj/Hex       0%         N/A       67%         3
 Agony                    Necr           0%         N/A       100%        5
 Silence                  Hex/Air        0%         N/A       100%        5


Dungeon Overview and Level Annotations

Branches:
Dungeon (2/15)              Sewer (1/1)

Altars:
Nemelex Xobeh


Innate Abilities, Weirdness & Mutations

You cannot wear most types of armour.
You are amphibious.
You can wear up to eight rings at the same time.
Your skin changes colour to match your surroundings (Stealth+).
Your rubbery body absorbs attacks. (AC +1, EV +1)
You are camouflaged when in or above water. (Stealth+)
You have tentacles for arms and can constrict up to eight enemies at once.


Message History

t - a +2 falchion of holy wrath Your +1 whip of flaming stops flaming.
Your +2 falchion of holy wrath softly glows with a divine radiance!
t - a +2 falchion of holy wrath (weapon)
You now have 113 gold pieces (gained 12).
A rat comes into view.
A rat comes into view.
An adder and a river rat come into view.
A river rat comes into view.
The rat splashes around in the water.
You hit the rat.
You kill the rat!
The rat bites you.
You barely miss the rat. You grab the rat. You constrict the rat.
You kill the rat!
The river rat closely misses you.
You slash the river rat! Your grab misses the river rat.
The river rat is severely wounded.
The adder hisses angrily.
The river rat bites you!
You hit the river rat but do no damage. Your grab misses the river rat.
Your squeeze misses the river rat.
The river rat is severely wounded.
The river rat bites you!
You slash the river rat!
You kill the river rat!
The adder bites you. The river rat bites you. The adder closely misses you.
Your Dodging skill increases to level 2!
The river rat bites you. The adder bites you.
You see here a river rat corpse.
You closely miss the adder. You grab the adder. You constrict the adder.
The river rat bites you but does no damage.
The rat misses you. The adder closely misses you. The river rat bites you!
* * * LOW HITPOINT WARNING * * *
The rat closely misses you. The adder barely misses you.
You slash the adder! You squeeze the adder.
You kill the adder!
The river rat closely misses you. The rat bites you.
You die...
Your body disappears without a glow.

################### ##
#. #. ##
###################
###..≈≈≈≈≈≈.#~~≈≈≈≈≈#
#...@≈≈≈≈≈.~~~≈~≈≈≈≈.
#...rr~~≈≈≈~.~≈≈~≈≈≈≈~
#.....≈≈~≈≈...≈≈≈~≈≈≈.
#....~≈≈~≈~~.~≈≈≈≈~~~~
#.....#≈≈≈~~≈≈≈≈≈≈≈≈≈≈#
#.r..##################
#...# ...#


You could see a river rat and 2 rats.

Vanquished Creatures
  A gnoll (D:1)
  7 adders
  5 river rats (Sewer)
  A worm (D:2)
  2 dart slugs
  An endoplasm (D:1)
  2 giant cockroaches
  3 goblins
  3 kobolds
  A quokka (D:2)
  6 ball pythons
  2 bats (D:2)
  3 frilled lizards
  21 rats
58 creatures vanquished.

Notes
Turn   | Place    | Note
-------+----------+-------------------------------------------
     0 | D:1      | Sabo the Octopode Brigand began the quest for the Orb.
     0 | D:1      | Reached XP level 1. HP: 14/14 MP: 1/1
   362 | D:1      | Reached XP level 2. HP: 14/19 MP: 2/2
   543 | D:1      | Reached skill level 6 in Stealth
   989 | D:2      | Reached XP level 3. HP: 24/24 MP: 3/3
  1238 | D:2      | Found a faded altar of an unknown god.
  1245 | D:2      | Prayed at the altar of an unknown god.
  1245 | D:2      | Became a worshipper of Nemelex Xobeh the Trickster
  1245 | D:2      | Reached * piety under Nemelex Xobeh
  1359 | D:2      | Reached XP level 4. HP: 13/30 MP: 4/4
  1581 | D:2      | Received a gift from Nemelex Xobeh
  1835 | D:2      | You fall into a shaft and drop 2 floors!
  1835 | D:4      | Found a glowing drain.
  1839 | Sewer    | Entered a sewer
  2752 | Sewer    | Reached XP level 5. HP: 17/35 MP: 5/5
  2814 | Sewer    | Reached skill level 1 in Maces & Flails
  2817 | Sewer    | Reached skill level 7 in Stealth
  3196 | Sewer    | Slain by a rat

Illustrated notes

Levels and vault maps discovered:
D:1:      heliophobic_arrival_dark_side_of_the_moon, layout_rooms
D:2:      layout_loops_ring, ebering_ecumenical_altar_ruins, nrook_uturn
D:4:      layout_cave_pools, kennysheep_mini, gammafunk_temple_overflow_wave,
          gup_sewer_entry_bubbles, kennysheep_generic_room_15
Sewer:    sewer_minmay_w

Skill      XL: |  1  2  3  4  5 |
---------------+----------------+-----
Stealth        | 6 7 |  7.1
Maces & Flails | 1 |  1.2
Dodging        | 2 |  2.0
Fighting       | |  2.7
Short Blades   | |  2.5
Throwing       | |  2.2

Action                   |  1- 3 |  4- 6 || total
-------------------------+-------+-------++-------
Melee: Whip              |    50 |    63 ||   113
       Constrict         |    11 |    18 ||    29
       Dagger            |     3 |       ||     3
       Tentacles         |     8 |    13 ||    21
       Punch             |     1 |     2 ||     3
       Falchion          |       |     7 ||     7
 Stab: Sleeping          |     6 |     1 ||     7
Armor: Skin              |     1 |     4 ||     5
Dodge: Dodged            |    32 |    85 ||   117
